AoeStats
← Kanyaga

Arabia

510572668Analyzed
1v1 RM · 13h ago on Oct 1, 2026· 45m 39s· 2 players
Game mode
Random Map
Map size
Tiny (2 player)
Population
200
Speed
Normal
Resources
Standard
Victory
Conquest
Starting age
Dark Age
Ending age
Imperial Age
RankedLock teamsTeams togetherTeam positionsShared explorationLock speedFull tech treeHidden civsTurbo modeCheats
Victory
Defeat
🇹🇷 Huns · Türkiye
1599
+15
🇦🇷 Bulgarians · Argentina
1568
-15
SwetOtto
7:39 Loom
11:03 Feudal Age
12:13 Double-Bit Axe
13:48 Horse Collar
15:03 Forging
16:43 Scale Mail Armor
21:39 Wheelbarrow
23:58 Stone Mining
24:05 Gold Mining
28:48 Castle Age
27:26 Bloodlines
27:44 Scale Barding Armor
30:55 Iron Casting
31:27 Chain Barding Armor
33:34 Husbandry
35:21 Heavy Plow
40:05 Hand Cart
42:14 Bow Saw
Kanyaga
6:10 Loom
8:58 Feudal Age
13:11 Horse Collar
19:04 Fletching
19:19 Double-Bit Axe
21:51 Wheelbarrow
21:01 Town Watch
21:13 Stone Mining
26:39 Castle Age
25:46 Padded Archer Armor
26:29 Scale Barding Armor
26:22 Gold Mining
26:56 Bloodlines
27:17 Forging
27:40 Husbandry
28:14 Bow Saw
29:19 Heavy Plow
34:49 Bodkin Arrow
36:38 Thumb Ring
38:24 Leather Archer Armor
39:23 Hand Cart
39:43 Chain Barding Armor
40:11 Iron Casting
43:09 Imperial Age
41:31 Gold Shaft Mining
41:26 Light Cavalry
42:46 Town Patrol
43:21 Ballistics
44:17 Parthian Tactics
43:54 Bracer
46:05 Chemistry
45:15 Masonry
46:22 Blast Furnace
Connection lost

Rejoining the realm…

Still unreachable

The connection could not be restored.

Session expired

The server has moved on; the page needs a fresh start.